 Dungeon Crawl Stone Soup version 0.28-a0-691-gad6df49e81 (webtiles) character file.

Game seed: 4883427225765075973

20120 EiAlmux the Thaumaturge (level 13, 0/83 HPs)
             Began as a Djinni Ice Elementalist on Oct 21, 2021.
             Was a High Priest of Makhleb.
             Engulfed by an ice statue's freezing vapour (25 damage)
             ... in an ice cave.
             The game lasted 00:42:21 (14522 turns).

EiAlmux the Thaumaturge (Djinni Ice Elementalist)  Turns: 14522, Time: 00:42:22

Health: 0/83       AC: 11    Str:  7    XL:     13   Next: 9%
Gold:   893        EV: 15    Int: 22    God:    Makhleb [*****.] SH:  0 Dex: 14

rFire   + + +      SeeInvis .   M - +5 rapier of Impatience {vorpal, rN+ rCorr}
rCold   x . .      Faith    .   (no shield)
rNeg    + . .      Spirit   .   u - +1 robe of Okamoc {Regen+}
rPois   ∞          Reflect  .   E - +0 helmet
rElec   .          Harm     .   t - +2 cloak {Will+}
rCorr   +          Rampage  .   (no gloves)
Will    ++...                   (boots unavailable)
Stlth   ++++......              (no amulet)
HPRegen 1.23/turn               j - ring of protection from fire
MPRegen 0.00/turn               K - +4 ring of protection

@: flying
A: sickness immunity, fire resistance 2, cold vulnerability 1, float, innate
caster, hp casting, extra vitality 1
a: Renounce Religion, Minor Destruction, Lesser Servant of Makhleb, Major
Destruction, Greater Servant of Makhleb


You were in an ice cave.
You worshipped Makhleb.
Makhleb was extremely pleased with you.
You visited 3 branches of the dungeon, and saw 14 of its levels.
You also visited: Sewer and Ice Cave.

You collected 893 gold pieces.

Inventory:

Hand Weapons
 k - a +0 short sword
 H - a +2 dagger of chaos
 M - the +5 rapier of Impatience (weapon) {vorpal, rN+ rCorr}
   (You found it on level 10 of the Dungeon)

   It inflicts extra damage upon your enemies.
   rN:        It protects you from negative energy.
   rCorr:     It protects you from acid and corrosion.
 O - the +5 spear of Carved Optimality {drain, rF+ Str-5 SInv}
   (You took it off an orc wizard on level 11 of the Dungeon)

   A truly terrible weapon, it drains the life of any living foe it strikes.
   Str:       It affects your strength (-5).
   rF:        It protects you from fire.
   SInv:      It lets you see invisible.
Missiles
 N - a throwing net
Armour
 e - a +2 kite shield
 t - a +2 cloak of willpower (worn)
 u - the +1 robe of Okamoc (worn) {Regen+}
   (You found it on level 5 of the Dungeon)

   Regen:     It increases your rate of health regeneration.
 E - a +0 helmet (worn)
Magical Staves
 i - a staff of fire
 A - a staff of death
Jewellery
 j - a ring of protection from fire (left hand)
 I - a ring of fire
 K - a +4 ring of protection (right hand)
 L - a ring of resist corrosion
Wands
 g - a wand of acid (7)
 v - a wand of digging (6)
 C - a wand of charming (8)
 D - a wand of iceblast (15)
Scrolls
 c - 7 scrolls of teleportation
 d - 3 scrolls of enchant weapon
 f - 3 scrolls of amnesia
 h - a scroll of vulnerability {unknown}
 q - 3 scrolls of enchant armour
 s - a scroll of fog {unknown}
 x - 3 scrolls of brand weapon
 y - 2 scrolls of fear {unknown}
 B - 2 scrolls of noise {unknown}
 G - a scroll of blinking {unknown}
 J - 3 scrolls of summoning {unknown}
 P - a scroll of torment {unknown}
 Q - a scroll of identify
Potions
 a - 4 potions of might
 b - a potion of haste {unknown}
 l - a potion of invisibility {unknown}
 m - 2 potions of berserk rage
 n - 8 potions of curing
 o - 4 potions of heal wounds
 p - 2 potions of mutation
 r - 5 potions of lignification
 w - a potion of brilliance {unknown}
 z - a potion of experience {unknown}
 F - a potion of degeneration {unknown}


   Skills:
 - Level 4.0 Fighting
 - Level 8.0 Dodging
 - Level 8.0 Stealth
 - Level 4.0 Shields
 * Level 11.9 Spellcasting
 - Level 8.0 Invocations


You had 5 spell levels left.
You knew the following spells:

 Your Spells              Type           Power      Damage    Failure   Level
a - Summon Ice Beast      Ice/Summ       60%        N/A       1%          4
b - Frozen Ramparts       Ice            100%       1d12      1%          3
c - Ozocubu's Armour      Ice            60%        N/A       1%          3
d - Hailstorm             Conj/Ice       60%        3d13      1%          4
e - Shock                 Conj/Air       100%       1d9       1%          1
f - Scorch                Fire           100%       2d10      1%          2
g - Spider Form           Tmut/Pois      30%        N/A       1%          3
h - Freeze                Ice            100%       1d11      1%          1
i - Animate Dead          Necr           30%        N/A       1%          4
j - Alistair's Intoxicat  Tmut/Pois      40%        N/A       1%          5
Your spell library was empty.

Dungeon Overview and Level Annotations

Branches:
Dungeon (11/15)            Temple (0/1) D:4            Lair (2/6) D:8
    Orc (1/2) D:10          Sewer (visited)           IceCv (1/1)
  Swamp: Lair:2-4    Shoals: Lair:2-4     Snake: Lair:2-4    Spider: Lair:2-4

Altars:
Cheibriados
Elyvilon
Fedhas
Gozag
Kikubaaqudgha
Makhleb
Nemelex Xobeh
Sif Muna
Trog
Uskayaw
Xom
Yredelemnul

Shops:
D:3 [   D:4 [   D:5 (:*

Portals:
Trove: D:11 (give 4 potions of resistance)

Annotations:
D:11 Harold, Nergalle, Urug
Lair:2 Fannar IceCv exclusion: 2 ice statues


Innate Abilities, Weirdness & Mutations

You are immune to sickness and miasma.
You are immune to poison.
Your flesh is very heat resistant. (rF++)
You are vulnerable to cold. (rC-)
You float through the air rather than walking.
You learn spells naturally, not from books.
Your magical power is your life essence.
You have superior vitality. (+4 HP)


Message History

The lindwurm simulacrum claws you but does no damage.
Flames lash the lindwurm simulacrum.
The lindwurm simulacrum melts!
The lindwurm simulacrum vaporises!
Makhleb accepts your kill.
You feel better.
You can't see any susceptible monsters within range! (Use Z to cast anyway.)
Your icy armour cracks and falls away as you move.
Found a Necronomicon.
You now have 725 gold pieces (gained 23).
You now have 740 gold pieces (gained 15).
You now have 757 gold pieces (gained 17).
You now have 788 gold pieces (gained 31).
You now have 813 gold pieces (gained 25).
You now have 836 gold pieces (gained 23).
You see here a Necronomicon.
You now have 859 gold pieces (gained 23).
You now have 874 gold pieces (gained 15).
You now have 893 gold pieces (gained 19).
You see here a Necronomicon.
An ice statue comes into view.
Marking area around an ice statue as unsafe for travelling.
Partly explored, can't reach some places.
Partly explored, can't reach some places.
Really fly into a travel-excluded area?
An ice statue comes into view.
Marking area around an ice statue as unsafe for travelling.
Flames lash the ice statue but do no damage.
The ice statue gestures at you. The bolt of cold hits you!!
You feel a terrible chill! The ice statue gestures at you.
The shard of ice misses you.
Casting: Scorch (safe; 1% risk of failure)
Confirm with . or Enter, or press ? or * to list all spells.
A film of ice covers your body! The ice statue gestures at you.
The freezing blast engulfs you!!
You feel a terrible chill!
Your icy armour will break if you move.
Continue?
Your icy armour cracks and falls away as you move.
You are engulfed in freezing vapours.
You die...

#........### ###...#.#.
##...........####...#..#..
##..............#..#####.##
#................### ###
#.................
#..............#
#......§§☼§...#
#.....☼○§☼.# ##8#..☼@#8## #
##..## # ##### ##..# ##....
##..##### #..#..
#..####.### #..###
#...#.....### ##...#
##....#.#...#####.#..#
##...#####...#.##..##
##...# ###......##


There were no monsters in sight!

Vanquished Creatures
  Erica (D:9)
  5 two-headed ogres
  2 orc sorcerers (Orc:1)
  2 black mambas
  2 rime drakes (IceCv)
  3 polar bears (Lair:1)
  3 trolls
  A hornet (D:8)
  A shadow (D:11)
  Grum (Lair:1)
  A basilisk (Lair:2)
  A wraith (D:10)
  19 yaks
  2 steam dragons (D:7)
  4 vampire mosquitoes (D:11)
  An acid dragon (D:9)
  4 water moccasins
  A sky beast (D:7)
  An ice beast (D:7)
  Purgy (Sewer)
  3 orc warriors
  3 ogres
  3 wolves (Lair:1)
  10 black bears
  A phantom (D:4)
  8 centaurs
  3 kobold brigands
  8 bullfrogs
  6 scorpions
  4 lindwurm simulacra (IceCv)
  24 killer bees
  3 howler monkeys (D:10)
  4 crimson imps (D:6)
  2 komodo dragon simulacra (IceCv)
  7 centaur zombies
  A bullfrog zombie (D:5)
  4 bullfrog skeletons
  4 orc priests
  A gnoll shaman (D:8)
  A hound (D:4)
  3 jellies
  3 iguanas
  6 orc wizards
  2 killer bee zombies
  3 gnolls (D:8)
  7 adders
  5 acid dragon simulacra (IceCv)
  2 white imps (D:6)
  2 ufetubi
  A steam dragon simulacrum (IceCv)
  An adder skeleton (D:4)
  A worm (D:3)
  3 dart slugs
  25 orcs
  4 endoplasms
  4 giant cockroaches
  7 goblins
  5 hobgoblins
  4 jackals (D:2)
  6 quokkas
  12 ball pythons
  6 bats
  6 frilled lizards
  A jackal skeleton (D:4)
  18 kobolds
  24 rats
317 creatures vanquished.

Vanquished Creatures (collateral kills)
  Snorg (D:11)
  A hydra (Lair:1)
  2 centaurs
  A bullfrog (D:9)
  An orc priest (D:11)
  An orc wizard (D:11)
  An orc (D:11)
8 creatures vanquished.

Vanquished Creatures (others)
  29 fungi
  25 plants
54 creatures vanquished.

Grand Total: 379 creatures vanquished

Notes
Turn   | Place    | Note
-------+----------+-------------------------------------------
     0 | D:1      | EiAlmux the Djinni Ice Elementalist began the quest for the
                  | Orb.
     0 | D:1      | Reached XP level 1. HP: 15/15 MP: 0/0
    64 | D:1      | Found a faded altar of an unknown god.
   232 | D:1      | Reached XP level 2. HP: 17/22 MP: 0/0
  1152 | D:2      | Reached skill level 1 in Fighting
  1152 | D:2      | Reached XP level 3. HP: 25/27 MP: 0/0
  1152 | D:2      | Learned a level 1 spell: Shock
  2230 | D:2      | Reached XP level 4. HP: 19/32 MP: 0/0
  2745 | D:3      | Found Yjarywn's Antique Armour Emporium.
  3134 | D:3      | Reached skill level 4 in Spellcasting
  3134 | D:3      | Reached XP level 5. HP: 25/38 MP: 0/0
  3134 | D:3      | Learned a level 2 spell: Scorch
  4667 | D:3      | Found a basalt altar of Yredelemnul.
  4680 | D:3      | Found a bloodstained altar of Trog.
  4693 | D:3      | Found a hide-covered altar of Uskayaw.
  4708 | D:3      | Found a burning altar of Makhleb.
  4712 | D:3      | Became a worshipper of Makhleb the Destroyer
  4787 | D:3      | Found a sparkling altar of Nemelex Xobeh.
  4841 | D:4      | Reached XP level 6. HP: 33/43 MP: 0/0
  5432 | D:4      | Found Bimotoul's Armour Shop.
  5541 | D:4      | Reached XP level 7. HP: 41/50 MP: 0/0
  5541 | D:4      | Learned a level 3 spell: Spider Form
  5616 | D:4      | Reached skill level 5 in Spellcasting
  5629 | D:4      | Reached * piety under Makhleb
  6142 | D:4      | Reached XP level 8. HP: 32/58 MP: 0/0
  6349 | D:4      | Found a staircase to the Ecumenical Temple.
  6630 | D:5      | Entered Level 5 of the Dungeon
  6630 | D:5      | Found Ubuth's Book Emporium.
  6721 | D:5      | Reached skill level 6 in Spellcasting
  6781 | D:5      | Identified the +1 robe of Okamoc {Regen+}
  6830 | D:5      | Found Jeul's Weapon Boutique.
  6842 | D:5      | Found Suafyghi's Overcharged Wands.
  6893 | D:5      | Found a glowing drain.
  6898 | Sewer    | Entered a sewer
  6963 | Sewer    | Noticed Purgy
  7017 | Sewer    | Reached skill level 1 in Shields
  7076 | Sewer    | Killed Purgy
  7627 | D:6      | Reached ** piety under Makhleb
  7709 | D:6      | Found a shimmering altar of Xom.
  7732 | D:6      | Reached XP level 9. HP: 62/62 MP: 0/0
  7732 | D:6      | Learned a level 4 spell: Summon Ice Beast
  7815 | D:6      | Found a snail-covered altar of Cheibriados.
  7981 | D:7      | Reached skill level 7 in Spellcasting
  8327 | D:7      | Reached skill level 5 in Dodging
  8624 | D:7      | Reached skill level 8 in Spellcasting
  8847 | D:7      | Reached XP level 10. HP: 63/67 MP: 0/0
  9354 | D:8      | Reached skill level 1 in Invocations
  9418 | D:8      | Reached skill level 5 in Stealth
  9418 | D:8      | Reached *** piety under Makhleb
  9489 | D:8      | Reached skill level 9 in Spellcasting
  9501 | D:8      | Found a staircase to the Lair.
  9641 | D:8      | Reached XP level 11. HP: 73/73 MP: 0/0
  9641 | D:8      | Learned a level 4 spell: Animate Dead
 10091 | D:9      | Noticed a two-headed ogre
 10106 | D:9      | Killed a two-headed ogre
 10179 | D:9      | Found an opulent altar of Gozag.
 10327 | D:9      | Reached **** piety under Makhleb
 10341 | D:9      | Found a white marble altar of Elyvilon.
 10434 | D:9      | Noticed Erica
 10444 | D:9      | Killed Erica
 10849 | D:10     | Entered Level 10 of the Dungeon
 10873 | D:10     | Reached skill level 5 in Invocations
 10937 | D:10     | Found a staircase to the Orcish Mines.
 11065 | D:10     | Identified the +5 rapier of Impatience {vorpal, rN+ rCorr}
 11088 | D:10     | Reached skill level 10 in Spellcasting
 11254 | D:10     | Found a blossoming altar of Fedhas.
 11360 | D:11     | Noticed a two-headed ogre
 11366 | D:11     | Killed a two-headed ogre
 11421 | D:11     | Found a portal to a secret trove of treasure.
 11468 | D:11     | Noticed Harold
 11510 | D:11     | Noticed Urug
 11525 | D:11     | Noticed Snorg
 11531 | D:11     | Killed Snorg
 11559 | D:11     | Noticed a two-headed ogre
 11565 | D:11     | Killed a two-headed ogre
 11566 | D:11     | Reached XP level 12. HP: 64/78 MP: 0/0
 11668 | D:11     | Noticed a two-headed ogre
 11676 | D:11     | Killed a two-headed ogre
 12043 | D:11     | Identified the +5 spear of Carved Optimality {drain, rF+
                  | Str-5 SInv}
 12207 | D:11     | Noticed Nergalle
 12352 | D:11     | Noticed a two-headed ogre
 12372 | D:11     | Killed a two-headed ogre
 12373 | D:11     | Reached skill level 11 in Spellcasting
 12402 | D:11     | Identified the +0 leather armour "Dezoco" {rF+ MP+9 Slay+3}
 12662 | Lair:1   | Entered Level 1 of the Lair of Beasts
 12804 | Lair:1   | Noticed an eight-headed hydra
 12811 | Lair:1   | Killed an eight-headed hydra
 13320 | Lair:1   | Reached ***** piety under Makhleb
 13512 | Lair:1   | Noticed Grum
 13546 | Lair:1   | Killed Grum
 13926 | Lair:2   | Noticed Fannar
 14135 | Orc:1    | Entered Level 1 of the Orcish Mines
 14135 | Orc:1    | Found a frozen archway.
 14149 | Orc:1    | Reached XP level 13. HP: 29/83 MP: 0/0
 14149 | Orc:1    | Learned a level 5 spell: Alistair's Intoxication
 14156 | IceCv    | Entered an ice cave
 14522 | IceCv    | Engulfed by an ice statue's freezing vapour

Illustrated notes

Levels and vault maps discovered:
D:1:      minmay_arrival_plants_in_alcoves, layout_loops_ring,
          ebering_ecumenical_altar_abandoned, minmay_misc_feat_room
D:2:      layout_basic, kennysheep_another_room, minmay_rat_hole
D:3:      layout_loops_ring, grunt_temple_overflow_octagram, serial_shops,
          nicolae_shop_temple_entry_statues_fountains
D:4:      layout_loops_ring, minmay_temple_entry_nine_rooms, serial_shops,
          nicolae_lakefront_shop, kennysheep_cross_bottleneck, fountainhead,
          minmay_three_crescents
D:5:      layout_rooms, serial_shops, nicolae_shop_crystal,
          portal_sewer_entry_e, nicolae_inconvenience_store,
          nicolae_shop_overcharged_wands
D:6:      layout_basic, led_xom_imps, amcnicky_altar_gilded
D:7:      layout_layer_cave
D:8:      layout_rooms, due_lair_maze_entry_diamond
D:9:      layout_stronghold, nicolae_gozag_cash_rules_everything_around_me,
          general_overflow_altar, dk_noncrumbling_3, uniq_erica
D:10:     layout_cave_pools, fedhas_altar_fruit_tree, orc_0_dummy
D:11:     layout_irregular_city, trove_entry_hex_spiral, minivault_24,
          uniq_nergalle, uniq_urug, uniq_harold, uniq_snorg
Lair:1:   beast_lair_carwin_large_1, layout_cave_pods,
          lightli_volcano_entry_magma_tube, bh_autumn_forest_stairs,
          minmay_stone_trees_medium, wad_woods_river_04, serial_bayou_shore_b,
          uniq_grum
Lair:2:   layout_regular_city, nicolae_spider_entry_orb_guardian, uniq_fannar
Orc:1:    layout_diamond_mine, portal_ice_cave_entry_pillars_2,
          kennysheep_orc_sif_temple
IceCv:    ice_cave_small_dragons

Skill      XL: |  1  2  3  4  5  6  7  8  9 10 11 12 13 |
---------------+----------------------------------------+-----
Fighting       | 1 2 3 4 |  4.0
Stealth        | 2 3 4 5 6 8 |  8.0
Spellcasting   | 4 5 6 8 9 10 11 | 11.9
Shields        | 2 4 |  4.0
Dodging        | 3 5 7 8 |  8.0
Invocations    | 3 5 7 8 |  8.0

Action                   |  1- 3 |  4- 6 |  7- 9 | 10-12 | 13-15 || total
-------------------------+-------+-------+-------+-------+-------++-------
Melee: Dagger            |    11 |     1 |       |       |       ||    12
       Unarmed           |     1 |       |       |     2 |       ||     3
       Short sword       |       |     3 |     4 |    18 |       ||    25
       Rapier            |       |       |       |    11 |       ||    11
 Cast: Freeze            |    57 |    28 |     7 |       |       ||    92
       Shock             |       |    14 |       |     1 |       ||    15
       Scorch            |       |    26 |    82 |   215 |    31 ||   354
       Frozen Ramparts   |       |    11 |    14 |    39 |       ||    64
       Ozocubu's Armour  |       |     2 |     9 |    22 |     3 ||    36
       Spider Form       |       |       |     1 |     4 |     1 ||     6
       Hailstorm         |       |       |    12 |     5 |     3 ||    20
       Summon Ice Beast  |       |       |     2 |    13 |     1 ||    16
       Alistair's Intoxi |       |       |       |       |     1 ||     1
Invok: Lesser Servant of |       |       |       |     1 |       ||     1
  Use: Scroll            |       |       |     5 |     9 |       ||    14
       Potion            |       |       |     1 |     1 |     1 ||     3
Armor: Robe              |    15 |    12 |    33 |   125 |    11 ||   196
       Leather armour    |       |     1 |     6 |       |       ||     7
       Skin              |       |       |       |       |     2 ||     2
Dodge: Dodged            |    35 |    39 |    79 |   262 |    29 ||   444

Table legend: (Time is in decaauts)
 A = Elapsed time spent in this place.
 B = Non-inter-level travel time spent in this place.
 C = Inter-level travel time spent in this place.
 D = Time resting spent in this place.
 E = Time spent auto-exploring this place.
 F = Levels seen in this place.
 G = Mean time per level.
                   A        B        C        D        E       F      G
               +--------+--------+--------+--------+--------+-----+--------+
         Total |  14539 |  13798 |    741 |    943 |  10594 |  16 |  908.7 |
       Dungeon |  12504 |  11905 |    599 |    833 |   9319 |  11 | 1136.7 |
          Lair |   1424 |   1282 |    142 |      8 |    973 |   2 |  712.0 |
  Orcish Mines |     20 |     20 |      0 |      0 |      0 |   1 |   20.0 |
         Sewer |    224 |    224 |      0 |      2 |    154 |   1 |  224.0 |
      Ice Cave |    365 |    365 |      0 |    100 |    148 |   1 |  365.0 |
               +--------+--------+--------+--------+--------+-----+--------+

Top non-repeatable levels by time:
     D:3: 2094 daAuts
     D:4: 1792 daAuts
     D:2: 1618 daAuts
     D:7: 1252 daAuts
  Lair:1: 1209 daAuts
    D:11: 1191 daAuts
     D:1: 1122 daAuts
     D:9: 1081 daAuts
     D:8: 623 daAuts
    D:10: 611 daAuts
     D:5: 565 daAuts
     D:6: 549 daAuts
   IceCv: 365 daAuts
   Sewer: 224 daAuts
  Lair:2: 214 daAuts
